 Dungeon Crawl Stone Soup version 0.29.1-2-gbd0b4ee654 (webtiles) character file.

Game seed: 8357107905925824160

67 concernfroge the Trooper (level 3, -3/32 HPs)
             Began as a Mummy Monk on Nov 25, 2022.
             Killed from afar by an orc wizard (5 damage)
             ... with a magic dart
             ... on level 3 of the Dungeon.
             The game lasted 00:03:42 (2368 turns).

concernfroge the Trooper (Mummy Monk)               Turns: 2368, Time: 00:03:42

Health: -3/32      AC:  5    Str: 16    XL:     3   Next: 98%
Magic:  3/3        EV: 10    Int:  9    God:
Gold:   140        SH:  3    Dex: 14    Spells: 2/2 levels left

rFire   x . .      SeeInvis .   i - +0 trident
rCold   + + .      Faith    .   j - +0 buckler {rC+}
rNeg    + + +      Spirit   .   h - +0 ring mail
rPois   ∞          Reflect  .   (no helmet)
rElec   .          Harm     .   (no cloak)
rCorr   .          Rampage  .   (no gloves)
Will    .....                   (no boots)
Stlth   +.........              (no amulet)
HPRegen 0.10/turn               (no ring)
MPRegen 0.08/turn               (no ring)

@: about to teleport, weak-willed
A: cold resistance 1, negative energy resistance 3, torment resistance 2, heat
vulnerability 1, in touch with death 1, no potions
a: no special abilities


You were on level 3 of the Dungeon.
You visited 1 branch of the dungeon, and saw 3 of its levels.

You collected 140 gold pieces.

Inventory:

Hand Weapons
 i - a +0 trident (weapon)
Armour
 h - a +0 ring mail (worn)
 j - a +0 buckler of cold resistance (worn)
Scrolls
 b - 2 scrolls of identify {unknown}
 c - 2 scrolls of noise
 d - a scroll of poison
 e - 2 scrolls of fog
 k - a scroll of amnesia {unknown}


   Skills:
 + Level 4.9 Fighting
 - Level 2.4 Polearms
 - Level 2.4 Dodging
 - Level 1.5 Stealth


You had 2 spell levels left.
You didn't know any spells.
Your spell library contained the following spells:

 Spells                   Type           Power      Damage    Failure   Level
 Sandblast                Erth           0%         2d4       73%         1
 Passwall                 Tmut/Erth      0%         N/A       86%         2
 Stone Arrow              Conj/Erth      0%         3d7       97%         3


Dungeon Overview and Level Annotations

Branches:
Dungeon (3/15)

Altars:


Innate Abilities, Weirdness & Mutations

You are immune to poison.
Your flesh is cold resistant. (rC+)
You are immune to negative energy. (rN+++)
You are immune to unholy pain and torment.
You are vulnerable to heat. (rF-)
You are in touch with the powers of death.
You do not drink.


Message History

You hit the frilled lizard but do no damage.
The frilled lizard is heavily wounded.
You block the frilled lizard's attack. Something hits you but does no damage.
The frilled lizard unfolds its giant frill.
You miss the frilled lizard.
The frilled lizard is heavily wounded.
The frilled lizard bites you but does no damage.
You hear some strange, mumbled words.
A puff of flame appears from out of thin air!
The puff of flame misses you.
The puff of flame hits the frilled lizard!
The frilled lizard dies!
As you read the scroll labelled RAMIATO KYSA, it crumbles to dust.
You hear a loud clanging noise!
It was a scroll of noise.
You hear an angry hiss. x2
Something hits you.
The air fills with toxic fumes!
As you read the scroll labelled UKHISE JU CEG, it crumbles to dust.
It was a scroll of poison.
You hear some strange, mumbled words.
A magic dart appears from out of thin air!
The magic dart hits you.
You see here a frilled lizard corpse.
Something hits you.
You are electrocuted!
* * * LOW HITPOINT WARNING * * *
A quokka comes into view.
As you read the scroll labelled QUOFOTO INTIJU, it crumbles to dust.
The scroll dissolves into smoke.
It was a scroll of fog.
A kobold comes into view. It is wielding a +0 whip.
As you read the scroll labelled DOD VA ISEPS, it crumbles to dust.
The creatures around you are filled with an inner flame!
It was a scroll of immolation.
The kobold throws a stone.
You block the stone.
As you read the scroll labelled HIRIPTAHES, it crumbles to dust.
You feel strangely unstable.
It was a scroll of teleportation.
As you read the scroll labelled DEDAHE NILE, it crumbles to dust.
Magic quickly surges around you.
It was a scroll of vulnerability.
A magic dart appears from out of thin air!
The magic dart hits you.
You die...

.. #.......†...... #.
#######.......####...
#. #.......#######
#... #> #.......#
#... ' #. #.......#
#### .#..
#.###...#####
.o..<#.#...###
......§§☼#########...
.>....§.lo{§§@§§☼§rK.
.#################...


You could see an orc (inner flame, weak-willed), a quokka (inner flame,
weak-willed), a kobold (inner flame, weak-willed) and a frilled lizard (inner
flame, weak-willed).

Vanquished Creatures
  2 adders (D:2)
  A worm (D:2)
  A dart slug (D:2)
  An orc (D:3)
  3 bats
  2 endoplasms
  7 giant cockroaches
  4 hobgoblins
  3 kobolds
  4 quokkas
  2 ball pythons
  6 frilled lizards
  A goblin (D:2)
  5 rats
42 creatures vanquished.

Vanquished Creatures (others)
  A frilled lizard (D:3)
1 creature vanquished.

Grand Total: 43 creatures vanquished

Notes
Turn   | Place    | Note
-------+----------+-------------------------------------------
     0 | D:1      | concernfroge the Mummy Monk began the quest for the Orb.
     0 | D:1      | Reached XP level 1. HP: 18/18 MP: 1/1
   257 | D:1      | Reached XP level 2. HP: 20/24 MP: 2/2
   820 | D:1      | Found a faded altar of an unknown god.
  1012 | D:2      | Reached skill level 4 in Fighting
  1352 | D:2      | Gained mutation: You are in touch with the powers of death.
                  | [Mummy growth]
  1352 | D:2      | Reached XP level 3. HP: 25/31 MP: 3/3
  2368 | D:3      | Killed from afar by an orc wizard

Illustrated notes

Levels and vault maps discovered:
D:1:      dpeg_arrival_rhombi, layout_basic,
          shapermc_ecumenical_altar_notcrosses, minmay_misc_feat_nine_boxes
D:2:      layout_basic, chequers_serial_rivers_micro_b
D:3:      layout_basic, kiku_gazebo_garden_becter

Skill      XL: |  1  2 |
---------------+-------+-----
Fighting       | 4 |  4.9
Polearms       | |  2.4
Dodging        | |  2.4
Stealth        | |  1.5

Action                   || total
-------------------------++-------
Melee: Spear             ||    21
       Punch             ||     1
       Trident           ||   113
       Rapier            ||     6
  Use: Scroll            ||     6
 Stab: Sleeping          ||     3
Armor: Ring mail         ||    25
Dodge: Dodged            ||    67
Block: Buckler           ||     8
